 Dungeon Sprint DCSS version 0.27-a0-637-g3a9f0a9c12 (webtiles) character file.

Game seed: 6706445088862161743

2261 mhtbhm the Cleaver (level 9, -1/133 HPs)
             Began as a Minotaur Fighter on Mar 14, 2021.
             Was the Champion of Trog.
             Slain by a minotaur (4 damage)
             ... in the Dungeon (Sprint VII: "The Pits").
             The game lasted 00:02:10 (1222 turns).

mhtbhm the Cleaver (Minotaur Fighter)               Turns: 1222, Time: 00:02:11

Health: -1/133     AC: 15    Str: 18    XL:     9   Next: 15%
Magic:  8/8        EV:  9    Int:  5    God:    Trog [******]
Gold:   0          SH: 12    Dex: 11    Spells: 8/8 levels left

rFire    . . .     SeeInvis .   a - +6 broad axe "Raimiren" {vorpal, rPois rC+ Str-5}
rCold    + . .     Faith    .   c - +0 kite shield
rNeg     + . .     Spirit   .   b - +2 chain mail {rN+}
rPois    +         Reflect  .   (helmet restricted)
rElec    .         Harm     .   p - +0 cloak
rCorr    .         Rampage  .   (no gloves)
Will     .....     NoTele   +   (no boots)
Stlth    ..........             (no amulet)
HPRegen  0.32/turn              (no ring)
MPRegen  0.11/turn              (no ring)

@: berserking, lethally poisoned (-1 -> -1), very quick
A: horns 2, retaliatory headbutt
a: Renounce Religion, Berserk, Trog's Hand, Brothers in Arms


You were in the Dungeon.
You worshipped Trog.
Trog was exalted by your worship.
You visited 1 branch

Inventory:

Hand Weapons
 a - the +6 broad axe "Raimiren" (weapon) {vorpal, rPois rC+ Str-5}
   (Trog gifted it to you in the Dungeon)

   It inflicts extra damage upon your enemies.
   It affects your strength (-5).
   It protects you from cold.
   It protects you from poison.
Armour
 b - a +2 chain mail of positive energy (worn)
 c - a +0 kite shield (worn)
 p - a +0 cloak (worn)
Jewellery
 m - a +3 ring of protection
 n - a +3 ring of intelligence
Scrolls
 j - a scroll of blinking
 l - a scroll of summoning
Potions
 d - a potion of might
 e - 8 potions of curing
 f - 11 potions of heal wounds
 g - 2 potions of haste
 h - 4 potions of magic
 i - 4 potions of berserk rage
 k - 2 potions of invisibility
 o - a potion of mutation


   Skills:
 + Level 11.3 Fighting
 + Level 13.4 Axes
 + Level 12.0 Armour
 + Level 6.0 Dodging
 + Level 2.3 Stealth
 + Level 11.7 Shields


You had 8 spell levels left.
You didn't know any spells.
Your spell library was empty.

Dungeon Overview and Level Annotations

Branches:
Dungeon (1/1)

Altars:
Ashenzari
Cheibriados
Dithmenos
Elyvilon
Fedhas
Gozag
Hepliaklqana
Kikubaaqudgha
Makhleb
Nemelex Xobeh
Okawaru
Qazlal
Ru
Sif Muna
Trog
Uskayaw
Vehumet
Wu Jian
Xom
Yredelemnul
Zin
The Shining One
Beogh
Jiyva
Lugonu


Innate Abilities, Weirdness & Mutations

You have a pair of horns on your head.
You reflexively headbutt those who attack you in melee.


Message History

You block the killer bee's attack. The minotaur hits you.
You block the minotaur's attack. The killer bee stings you.
You barely miss the minotaur. You slash the dream sheep!
You hit the killer bee. The killer bee barely misses you.
The minotaur hits you!
* * * LOW HITPOINT WARNING * * *
You block the minotaur's attack.
You slice the minotaur!! You headbutt the minotaur!
The minotaur is heavily wounded.
You slice the killer bee!!
You kill the killer bee!
Trog accepts your kill.
Your shield and chain mail prevent you from hitting the dream sheep.
You feel sick.
The dream sheep bites you but does no damage.
The minotaur hits you but does no damage.
You block the minotaur's attack.
You hit the minotaur but do no damage.
The minotaur is heavily wounded.
You closely miss the dream sheep. The dream sheep misses you.
You hit the minotaur.
The minotaur is heavily wounded.
You slash the dream sheep!
You kill the dream sheep!
Trog accepts your kill. The minotaur hits you!
* * * LOW HITPOINT WARNING * * *
The minotaur gores you but does no damage.
Your Armour skill increases to level 12!
Your Dodging skill increases to level 6!
You slash the minotaur!
The minotaur is severely wounded.
The minotaur hits you!
* * * LOW HITPOINT WARNING * * *
The minotaur gores you.
* * * LOW HITPOINT WARNING * * *
You completely miss the minotaur. You headbutt the minotaur!
The minotaur is almost dead.
You feel sick. The minotaur hits you.
You die...

########## .....##..#
.....##..# .....''..#
#
.....''..##########..#
.....##†).......@H...#
.....##.........†....#
######################


You could see a minotaur.

Vanquished Creatures
  An elephant (D)
  A demonic crawler (D)
  4 dream sheep (D)
  Eustachio (D)
  An ice beast (D)
  4 wolves (D)
  2 scorpions (D)
  A killer bee (D)
  A crimson imp (D)
  A quasit (D)
  A gnoll (D)
  An adder (D)
  2 ufetubi (D)
  2 adder skeletons (D)
  2 orcs (D)
  A bat (D)
  A bat zombie (D)
  A giant cockroach (D)
  A hobgoblin (D)
  2 jackals (D)
  2 frilled lizards (D)
  A rat (D)
34 creatures vanquished.

Vanquished Creatures (collateral kills)
  A snapping turtle (D)
1 creature vanquished.

Grand Total: 35 creatures vanquished

Notes
Turn   | Place    | Note
-------+----------+-------------------------------------------
     0 | D        | mhtbhm the Minotaur Fighter began the quest for the Orb.
     0 | D        | Reached XP level 1. HP: 19/19 MP: 0/0
    17 | D        | Found a bloodstained altar of Trog.
    17 | D        | Found a shimmering blue altar of Sif Muna.
    17 | D        | Found a viscous altar of Jiyva.
    17 | D        | Found a hazy altar of Hepliaklqana.
    17 | D        | Found an opulent altar of Gozag.
    18 | D        | Found a glowing golden altar of the Shining One.
    18 | D        | Found a glowing silver altar of Zin.
    18 | D        | Found a basalt altar of Yredelemnul.
    18 | D        | Found a shimmering altar of Xom.
    18 | D        | Found an ornate altar of the Wu Jian Council.
    18 | D        | Found a sacrificial altar of Ru.
    18 | D        | Found a stormy altar of Qazlal.
    18 | D        | Found an iron altar of Okawaru.
    18 | D        | Found a sparkling altar of Nemelex Xobeh.
    18 | D        | Found a burning altar of Makhleb.
    18 | D        | Found a blossoming altar of Fedhas.
    18 | D        | Found a white marble altar of Elyvilon.
    18 | D        | Found a shadowy altar of Dithmenos.
    18 | D        | Found a snail-covered altar of Cheibriados.
    20 | D        | Found a radiant altar of Vehumet.
    20 | D        | Found a corrupted altar of Lugonu.
    22 | D        | Became a worshipper of Trog the Wrathful
    60 | D        | Reached XP level 2. HP: 28/28 MP: 1/1
    72 | D        | Reached * piety under Trog
    73 | D        | Reached skill level 5 in Armour
   264 | D        | Reached skill level 5 in Fighting
   264 | D        | Reached skill level 3 in Axes
   264 | D        | Reached skill level 5 in Shields
   269 | D        | Reached ** piety under Trog
   272 | D        | Noticed a scorpion
   277 | D        | Killed a scorpion
   278 | D        | Reached skill level 4 in Axes
   278 | D        | Reached XP level 3. HP: 37/37 MP: 2/2
   278 | D        | Reached XP level 4. HP: 44/44 MP: 3/3
   283 | D        | Reached *** piety under Trog
   408 | D        | Noticed a wolf
   412 | D        | Reached skill level 5 in Axes
   412 | D        | Reached skill level 1 in Dodging
   417 | D        | Reached **** piety under Trog
   418 | D        | Reached skill level 6 in Axes
   418 | D        | Reached XP level 5. HP: 41/52 MP: 4/4
   424 | D        | Killed a wolf
   666 | D        | Noticed a snapping turtle
   684 | D        | HP: 1/53 [snapping turtle (22)]
   687 | D        | Killed a snapping turtle
   688 | D        | Reached skill level 8 in Axes
   688 | D        | Reached XP level 6. HP: 7/62 MP: 5/5
   966 | D        | Reached ***** piety under Trog
   967 | D        | Reached skill level 10 in Armour
   994 | D        | Noticed an ice beast
   994 | D        | Noticed a demonic crawler
   994 | D        | Noticed an elephant
   997 | D        | Killed an ice beast
   998 | D        | Reached skill level 9 in Axes
   998 | D        | Reached XP level 7. HP: 70/70 MP: 6/6
  1004 | D        | Killed a demonic crawler
  1005 | D        | Reached skill level 10 in Axes
  1005 | D        | Reached skill level 1 in Stealth
  1005 | D        | Reached skill level 10 in Shields
  1007 | D        | Killed an elephant
  1007 | D        | Identified the +6 broad axe "Raimiren" {vorpal, rPois rC+
                  | Str-5} (Trog gifted it to you in the Dungeon)
  1007 | D        | Received a gift from Trog
  1008 | D        | Reached skill level 10 in Fighting
  1008 | D        | Reached skill level 11 in Axes
  1008 | D        | Reached XP level 8. HP: 79/79 MP: 7/7
  1131 | D        | Found a hide-covered altar of Uskayaw.
  1131 | D        | Found an ancient bone altar of Kikubaaqudgha.
  1131 | D        | Found a broken altar of Ashenzari.
  1158 | D        | Noticed Eustachio
  1167 | D        | Reached skill level 5 in Dodging
  1169 | D        | Killed Eustachio
  1170 | D        | Reached skill level 12 in Axes
  1206 | D        | Noticed a dream sheep
  1207 | D        | Noticed a dream sheep
  1209 | D        | Noticed a dream sheep
  1211 | D        | Noticed a minotaur
  1212 | D        | Killed a dream sheep
  1212 | D        | Killed a dream sheep
  1212 | D        | Noticed a dream sheep
  1214 | D        | Killed a dream sheep
  1215 | D        | Reached skill level 13 in Axes
  1215 | D        | Reached XP level 9. HP: 33/89 MP: 8/8
  1220 | D        | Reached ****** piety under Trog
  1221 | D        | HP: 4/133 [minotaur (5)]
  1222 | D        | Slain by a minotaur

Illustrated notes

Levels and vault maps discovered:
D:        pitsprint [storerooms_1, entrance_room_1, metal_vault_8, armoury_2,
          mini_pit_1, grid_room_1, main_hall_1, silver_pit, the_coven_1,
          the_vestibule_1, steel_vault_3, golden_pit, hallway_of_sentries,
          crystal_vault_5, iron_vault_2, final_vault]

Skill      XL: |  1  2  3  4  5  6  7  8  9 |
---------------+----------------------------+-----
Fighting       | 4 6 7 8 9 10 11 | 11.3
Armour         | 4 6 8 9 10 11 12 | 12.0
Shields        | 4 6 7 9 10 11 | 11.7
Axes           | 4 6 8 9 11 13 | 13.4
Dodging        | 1 3 4 5 6 |  6.0
Stealth        | 1 2 |  2.3

Action                   |  1- 3 |  4- 6 |  7- 9 || total
-------------------------+-------+-------+-------++-------
Melee: Headbutt          |     3 |    10 |     6 ||    19
       Hand axe          |    21 |    59 |    10 ||    90
       War axe           |     1 |       |       ||     1
       Broad axe         |       |       |    17 ||    17
Invok: Berserk           |     1 |     2 |     2 ||     5
       Brothers in Arms  |       |     1 |       ||     1
  Use: Potion            |       |     3 |       ||     3
Armor: Scale mail        |    14 |     1 |       ||    15
       Ring mail         |       |    15 |       ||    15
       Chain mail        |       |     2 |    24 ||    26
Dodge: Dodged            |    13 |    26 |     9 ||    48
Block: Kite shield       |    19 |    25 |    25 ||    69

Table legend: (Time is in decaauts)
 A = Elapsed time spent in this place.
 B = Non-inter-level travel time spent in this place.
 C = Inter-level travel time spent in this place.
 D = Time resting spent in this place.
 E = Time spent auto-exploring this place.
 F = Levels seen in this place.
 G = Mean time per level.
                   A        B        C        D        E       F      G
               +--------+--------+--------+--------+--------+-----+--------+
         Total |   1273 |   1273 |      0 |    750 |    111 |   1 | 1273.0 |
       Dungeon |   1273 |   1273 |      0 |    750 |    111 |   1 | 1273.0 |
               +--------+--------+--------+--------+--------+-----+--------+

Top non-repeatable levels by time:
       D: 1273 daAuts
